 Dungeon Crawl Stone Soup version 0.21.0-25-ge575cb9 (webtiles) character file.

268376 dstrtn the Blocker (level 19, 0/163 HPs)
             Began as a Grey Draconian Conjurer on Jan 22, 2018.
             Was a High Priest of Sif Muna.
             Killed from afar by a blizzard demon (30 damage)
             ... with a bolt of lightning
             ... in a wizard's laboratory on Jan 24, 2018.
             The game lasted 05:22:42 (49505 turns).

dstrtn the Blocker (Grey Draconian Conjurer)       Turns: 49505, Time: 05:22:44

Health: 0/163      AC: 26    Str: 11    XL:     19   Next: 37%
Magic:  24/36      EV: 19    Int: 24    God:    Sif Muna [*****.]
Gold:   2091       SH: 20    Dex: 14    Spells: 0/44 levels left

rFire    + . .     SeeInvis +   n - +7 demon trident (freeze)
rCold    . . .     Gourm    .   L - +2 shield {rF+}
rNeg     . . .     Faith    .   (armour unavailable)
rPois    .         Spirit   .   M - +2 hat
rElec    .         Reflect  +   J - +2 cloak
rCorr    .         Harm     .   W - +2 pair of gloves
MR       ++...                  N - +2 pair of boots {Stlth+}
Stlth    ++++......             e - +6 amulet of reflection
HPRegen  0.37/turn              i - ring of see invisible
MPRegen  0.25/turn              I - ring "Zupudene" {MR+ Int+3, =R}

@: hasted, divine energy, very quick
A: walk through water, unfitting armour, unbreathing, cold-blooded, AC +15
}: 2/15 runes: decaying, gossamer
a: Stop Divine Energy, Channel Magic, Forget Spell, Renounce Religion


You were in a wizard's laboratory.
You worshipped Sif Muna.
Sif Muna was extremely pleased with you.
You were not hungry.

You visited 7 branches of the dungeon, and saw 34 of its levels.
You also visited: Sewer, Bailey, Volcano and Wizlab.

You collected 3371 gold pieces.
You spent 1280 gold pieces at shops.

Inventory:

Hand Weapons
 a - a +6 short sword of electrocution
 n - a +7 demon trident of freezing (weapon)
Missiles
 H - 7 throwing nets (quivered) {!f}
Armour
 J - a +2 cloak (worn)
 L - a +2 shield of fire resistance (worn)
 M - a +2 hat (worn)
 N - a +2 pair of boots of stealth (worn)
 W - a +2 pair of gloves (worn)
Magical Staves
 r - an uncursed staff of air
 s - an uncursed staff of conjuration {!a}
Jewellery
 c - an uncursed ring of wizardry
 e - a +6 amulet of reflection (around neck)
 f - the ring of Coegaw {rF+ AC+1 Int+4}
   (You bought it in a shop on level 2 of the Orcish Mines)

   [ring of protection]

   It affects your AC (+1).
   It affects your intelligence (+4).
   It protects you from fire.
 i - a ring of see invisible (left hand)
 l - an uncursed ring of protection from cold
 t - an uncursed ring of protection from magic
 x - an uncursed ring of poison resistance
 I - the ring "Zupudene" (right hand) {MR+ Int+3, =R}
   (You found it on level 15 of the Dungeon)

   [ring of intelligence]

   It affects your intelligence (+3).
   It affects your resistance to hostile enchantments.
Wands
 q - a wand of scattershot (4)
 P - a wand of iceblast (29)
 R - a wand of acid (3)
 V - a wand of paralysis (16)
 Z - a wand of enslavement (15)
Scrolls
 g - 4 scrolls of fog
 j - 15 scrolls of remove curse
 p - 15 scrolls of teleportation
 v - 2 scrolls of blinking
 w - 2 scrolls of magic mapping
 z - 10 scrolls of identify
 B - 4 scrolls of fear
 Q - 3 scrolls of summoning
 S - 8 scrolls of amnesia
 U - a scroll of vulnerability {!r}
 X - a scroll of silence
Potions
 h - 11 potions of curing
 k - 4 potions of mutation {!q}
 m - 3 potions of haste {!q}
 u - 4 potions of might
 A - 4 potions of agility
 C - 10 potions of flight
 D - 5 potions of invisibility {!q}
 E - 2 potions of magic
 F - 5 potions of heal wounds
 G - 5 potions of lignification {!q}
 K - 5 potions of brilliance
 T - 2 potions of resistance
 Y - 4 potions of ambrosia
Books
 o - Gibliaro's Papyrus of the Entourage and the Compass
   (Sif Muna gifted it to you on level 2 of the Vaults)

   Spells                             Type                      Level
   a - Summon Guardian Golem          Hexes/Summoning              3
   b - Lesser Beckoning               Translocation                3
   c - Summon Mana Viper              Hexes/Summoning              5
   d - Summon Demon                   Summoning                    5
   e - Spellforged Servitor           Conjuration/Summoning        7
   f - Summon Horrible Things         Summoning                    8
   g - Dragon's Call                  Summoning                    9
Miscellaneous
 d - a lamp of fire (inert)
 y - a phial of floods
 O - 2 phantom mirrors
Comestibles
 b - 33 rations


   Skills:
 - Level 13.0 Fighting
 - Level 5.5(6.0) Short Blades
   Level 3.4(5.0) Long Blades
 * Level 6.4 Polearms
 - Level 10.7 Dodging
 - Level 5.0 Stealth
 + Level 13.2 Shields
 + Level 13.0 Spellcasting
 - Level 12.0 Conjurations
 - Level 12.0 Hexes
 - Level 3.0 Charms
 + Level 7.5 Summonings
 - Level 1.0 Necromancy
 - Level 5.0 Translocations
 - Level 3.0 Transmutations
 + Level 1.9 Air Magic
 - Level 2.0 Earth Magic
 - Level 10.0 Poison Magic
 - Level 5.0 Invocations
 - Level 8.0 Evocations


You couldn't memorise any spells.
You knew the following spells:

 Your Spells              Type           Power        Failure   Level  Hunger
a - Animate Skeleton      Necr           N/A          3%          1    None
c - Confuse               Hex            ######..     1%          3    None
f - Fulminant Prism       Conj/Hex       ######....   1%          4    None
m - Mephitic Cloud        Conj/Pois/Air  ######..     1%          3    None
o - Olgreb's Toxic Radia  Pois           ######..     1%          4    None
p - Apportation           Tloc           #####.       1%          1    None
r - Regeneration          Chrm/Necr      ####......   6%          3    None
s - Slow                  Hex            ######..     1%          2    None
v - Summon Mana Viper     Hex/Summ       ######..     2%          5    ###....
w - Passwall              Tmut/Erth      ####......   2%          2    None
x - Summon Lightning Spi  Summ/Air       #####...     7%          4    None
y - Yara's Violent Unrav  Hex/Tmut       ######....   6%          5    ###....
F - Force Lance           Conj/Tloc      ######..     1%          4    None
W - Spectral Weapon       Hex/Chrm       ######..     1%          3    None


Dungeon Overview and Level Annotations

Branches:
Dungeon (15/15)            Temple (1/1) D:4            Lair (6/6) D:10
  Swamp (4/4) Lair:2       Spider (4/4) Lair:3        Slime (0/5) Lair:5
    Orc (2/2) D:12            Elf (0/3) Orc:2        Vaults (2/5) D:14
  Crypt (0/3) Vaults:2     Depths (0/5) D:15

Altars:
Cheibriados
Dithmenos
Elyvilon
Gozag
Kikubaaqudgha
Okawaru
Ru
Sif Muna
Uskayaw
Wu Jian
Yredelemnul
The Shining One

Shops:
D:8 ?   Orc:2 [:=[

Portals:
Trove: D:12 (give 2 scrolls of acquirement)

Annotations:
D:4 exclusion: downstairs
D:5 exclusion: downstairs
D:6 exclusion: downstairs, Moloch's ghost, novice OpWz
D:7 Joseph
D:9 exclusion: downstairs, Sayani's ghost, novice TrMo
D:15 Mgcat's ghost, journeyman MiBe
Lair:5 exclusion: downstairs


Innate Abilities, Weirdness & Mutations

You can walk through water.
Your dull iron-grey scales are very hard. (AC +15)
You cannot fit into any form of body armour.
You can survive without breathing.
You are cold-blooded and may be slowed by cold attacks.


Message History

Aiming: Fulminant Prism
Press: ? - help, Dir - move target cursor, p - sixfirhy You conjure a prism of explosive energy!
Your lightning spire shoots out a bolt of lightning at the blizzard demon!
The bolt of electricity hits the sixfirhy.
The sixfirhy completely resists.
The bolt of electricity hits the blizzard demon.
The blizzard demon completely resists.
The bolt of electricity hits the shadow demon.
Unknown command.
Really quaff
m - 4 potions of haste {!q}?
You feel yourself speed up. The blizzard demon gestures at you.
The bolt of lightning misses the sixfirhy.
The bolt of lightning hits your lightning spire.
Your lightning spire completely resists.
The bolt of lightning hits you!
* * * LOW HITPOINT WARNING * * *
The bolt of lightning hits you!
You die...

#..##.##..# 4...
#.##...##.# .....
.##....#....##.....
.....#...#.........
.......∩....4......
.##..#...#..##.....
#....#....# ....
#.##...##.# ...
##..##@##..##
#⌠...(8..*.⌠#
##..##3##2.## #.
#623##2# #
#...4.#.#
....2..42.
..#.....#42.
....##?..##2.2. ...
##.## .....


You could see a torturous black sun, a blizzard demon, 2 shadow demons, a
hellwing, a rust devil, a sixfirhy, a tormentor, a neqoxec, a friendly lightning
spire, a friendly fulminant prism and a friendly spectral demon trident of
freezing.

Vanquished Creatures
  Mara (Swamp:3)
  Saint Roka (Orc:2)
  Nikola (Swamp:2)
  A tentacled monstrosity (Swamp:1)
  A sphinx (Vaults:1)
  Donald (Orc:2)
  An azure jelly (Swamp:4)
  3 vault wardens
  4 ghost moths (Spider:4)
  5 ironheart preservers
  5 emperor scorpions
  A stone giant (Volcano)
  2 entropy weavers (Spider:2)
  2 spark wasps (Spider:4)
  Azrael (D:14)
  A spark wasp (shapeshifter) (Vaults:1)
  A fire dragon (Vaults:1)
  7 ogre magi
  2 great orbs of eyes (D:15)
  4 yaktaur captains
  7 vault guards
  Erolcha (D:9)
  Harold (Lair:1)
  8 hydras
  2 ice dragons (Swamp:4)
  A ghost crab (Swamp:4)
  A catoblepas (D:13)
  29 two-headed ogres
  8 alligators
  A merfolk avatar (Lair:6)
  3 centaur warriors
  A queen ant (Spider:2)
  6 death yaks
  3 tengu warriors
  A deep troll shaman (D:15)
  7 skeletal warriors
  A shadow wraith (Vaults:2)
  A storm dragon skeleton (Vaults:1)
  6 unseen horrors
  A spriggan druid (Swamp:2)
  4 deep trolls
  2 swamp dragons
  A shambling mangrove (Swamp:4)
  A harpy (shapeshifter) (D:14)
  7 ironbrand convokers
  22 orb spiders
  3 necromancers (Vaults:1)
  5 orc knights
  6 harpies
  27 wolf spiders
  4 oklob plants (Lair:5)
  3 manticores
  13 ugly things
  3 cyclopes
  2 moths of wrath
  24 elephants
  8 vault sentinels (Vaults:1)
  Maurice (D:10)
  A molten gargoyle (Volcano)
  A gargoyle (Volcano)
  3 black mambas
  20 spiny frogs
  3 torpor snails
  14 demonic crawlers
  An efreet (D:15)
  12 komodo dragons
  6 freezing wraiths
  A yaktaur zombie (Vaults:1)
  A kobold demonologist (D:15)
  8 yaktaurs
  4 rime drakes
  12 trolls
  23 hornets
  A queen bee (D:12)
  A wind drake (Lair:6)
  49 jumping spiders
  3 meliai (D:12)
  6 tyrant leeches
  A raiju (shapeshifter) (Vaults:2)
  A meliai zombie (D:13)
  10 slime creatures
  20 blink frogs
  3 polar bears
  11 bog bodies
  12 hippogriffs
  A frost giant simulacrum (Vaults:2)
  6 shadows
  4 spriggans
  30 tarantellas
  A centaur simulacrum (D:15)
  A redback (shapeshifter) (Vaults:1)
  77 redbacks
  2 wraiths
  A vampire (D:13)
  35 yaks
  7 hogs
  3 basilisks
  2 basilisks (shapeshifter)
  A fire bat (shapeshifter) (Vaults:1)
  11 fire bats
  7 wyverns
  5 fire elementals
  A human (D:11)
  20 vampire mosquitoes
  2 swamp worm simulacra (Swamp:4)
  15 insubstantial wisps
  3 wargs
  23 soldier ants
  15 hydra simulacra (Swamp:4)
  19 swamp worms
  13 water moccasins
  3 acid dragons
  4 porcupines
  Duvessa (D:7)
  3 hell hounds
  2 floating eyes (D:15)
  26 orc warriors
  2 sky beasts
  A black bear (shapeshifter) (Vaults:1)
  A hornet zombie (D:11)
  A human zombie (Vaults:1)
  5 swamp drakes (Swamp:1)
  A black bear (Lair:1)
  2 necrophages
  A phantom (D:13)
  10 wolves
  41 ogres
  12 boggarts
  15 centaurs
  13 crocodiles
  A big kobold (D:12)
  The ghost of Bazinga the Firebug, an amateur DEFE (D:3)
  An earth elemental (Volcano)
  15 bullfrogs
  2 human simulacra (Vaults:1)
  A wyvern zombie (D:14)
  A gnoll sergeant (D:7)
  4 scorpions
  17 wights
  25 killer bees
  3 howler monkeys
  4 electric eels
  5 centaur zombies
  5 crimson imps
  4 hounds
  5 jellies
  8 lava snakes
  A quasit (D:11)
  A bullfrog zombie (D:6)
  A bullfrog skeleton (D:10)
  5 centaur skeletons
  25 orc wizards
  17 orc priests
  An iguana (D:13)
  31 worker ants
  10 gnolls
  A howler monkey skeleton (D:7)
  13 adders
  3 river rats (D:4)
  4 shadow imps
  An ooze (D:2)
  6 swamp drake simulacra (Swamp:4)
  3 adder skeletons
  2 worms (D:4)
  5 dart slugs
  4 leopard geckos
  109 orcs
  4 giant cockroaches
  2 gnoll zombies (D:7)
  12 goblins
  5 hobgoblins
  21 jackals
  5 quokkas
  3 ball pythons
  12 bats
  6 frilled lizards
  22 kobolds
  A leopard gecko skeleton (D:5)
  9 rats
  3 fulminant prisms
  8 fungi
  3 plants
1408 creatures vanquished.

Vanquished Creatures (collateral kills)
  Kirke (D:15)
  2 vault wardens (Vaults:1)
  An ironheart preserver (Vaults:2)
  2 ogre magi (Orc:2)
  A great orb of eyes (Vaults:1)
  3 vault guards (D:15)
  An alligator (Swamp:1)
  A centaur warrior (Vaults:1)
  5 two-headed ogres
  An unseen horror (D:15)
  A wizard (D:14)
  An orc knight (Vaults:1)
  A wolf spider (Spider:4)
  2 cyclopes
  An elephant (Lair:6)
  A molten gargoyle (Volcano)
  2 gargoyles
  A yaktaur (Vaults:1)
  2 efreet
  A tengu conjurer (D:15)
  2 trolls
  A polar bear (Lair:6)
  2 slime creatures (D:12)
  A redback (Spider:4)
  A hippogriff (D:14)
  A shadow (D:15)
  A yak (shapeshifter) (D:14)
  A wraith (Vaults:1)
  3 yaks
  A water elemental (D:14)
  2 hogs (D:15)
  An orc warrior (Orc:1)
  8 ogres
  A boggart (Vaults:2)
  A centaur (D:14)
  A bullfrog (D:15)
  A scorpion (D:13)
  2 orc wizards
  2 worker ants
  6 orcs
  2 hobgoblins (D:12)
72 creatures vanquished.

Vanquished Creatures (others)
  An azure jelly (Swamp:4)
  A dancing weapon (Vaults:1)
  A skeletal warrior (D:15)
  An orc knight (D:15)
  2 cyclopes
  A centaur zombie (D:15)
  A spiny frog (Swamp:4)
  5 yaktaurs (Vaults:2)
  A swamp drake (Swamp:4)
  A centaur (D:14)
  Dowan (D:7)
  An orc wizard (D:11)
  3 orcs
  A goblin (D:12)
  857 fulminant prisms
  29 fungi
  25 plants
  2 spectral weapons (Vaults:1)
934 creatures vanquished.

Grand Total: 2414 creatures vanquished

Notes
Turn   | Place    | Note
-------+----------+-------------------------------------------
     0 | D:1      | dstrtn the Draconian Conjurer began the quest for the Orb.
     0 | D:1      | Reached XP level 1. HP: 14/14 MP: 3/3
   412 | D:1      | Reached XP level 2. HP: 20/22 MP: 0/5
   439 | D:1      | Learned a level 2 spell: Searing Ray
   665 | D:1      | Reached skill level 1 in Fighting
  1173 | D:1      | Reached XP level 3. HP: 28/28 MP: 2/6
  1575 | D:2      | Learned a level 3 spell: Dazzling Spray
  1897 | D:2      | Reached XP level 4. HP: 36/36 MP: 0/7
  2131 | D:2      | Reached skill level 5 in Conjurations
  2821 | D:3      | Noticed Bazinga's ghost (amateur DEFE)
  2849 | D:3      | Killed Bazinga's ghost
  2849 | D:3      | Reached XP level 5. HP: 42/42 MP: 2/9
  3109 | D:3      | Found an iron altar of Okawaru.
  3180 | D:3      | Reached skill level 1 in Hexes
  3467 | D:4      | Found a staircase to the Ecumenical Temple.
  3576 | D:4      | Found a glowing drain.
  3825 | Sewer    | Entered a sewer
  4232 | Temple   | Entered the Ecumenical Temple
  4243 | Temple   | Became a worshipper of Sif Muna the Loreminder
  4275 | D:4      | Noticed an ogre
  4293 | D:4      | Killed an ogre
  4293 | D:4      | Reached XP level 6. HP: 51/51 MP: 1/10
  4507 | D:4      | Learned a level 4 spell: Iskenderun's Mystic Blast
  4516 | D:4      | Found an opulent altar of Gozag.
  4924 | D:5      | Entered Level 5 of the Dungeon
  5337 | D:5      | Your scales start taking on a dull iron-grey colour.
  5337 | D:5      | Reached XP level 7. HP: 44/57 MP: 2/12
  5337 | D:5      | Gained mutation: You can survive without breathing. [Grey Draconian growth]
  6574 | D:5      | Learned a level 4 spell: Force Lance
  6661 | D:5      | Reached * piety under Sif Muna
  6960 | D:6      | Noticed a wyvern
  6969 | D:6      | Killed a wyvern
  6969 | D:6      | Reached skill level 1 in Translocations
  6969 | D:6      | Reached XP level 8. HP: 33/67 MP: 6/14
  7460 | D:6      | Noticed Moloch's ghost (novice OpWz)
  7908 | D:6      | Reached skill level 5 in Fighting
  8225 | D:6      | Reached ** piety under Sif Muna
  8629 | D:7      | Reached XP level 9. HP: 26/74 MP: 5/16
  9006 | D:7      | Reached skill level 5 in Spellcasting
  9081 | D:7      | Noticed Dowan
  9184 | D:7      | Learned a level 4 spell: Fulminant Prism
  9496 | D:7      | Noticed Duvessa
  9508 | D:7      | Killed Duvessa
  9966 | D:7      | Found a basalt altar of Yredelemnul.
 10002 | D:7      | Noticed Joseph
 10023 | D:7      | Killed Dowan
 10373 | D:8      | Noticed a centaur warrior
 10374 | D:8      | Reached *** piety under Sif Muna
 10374 | D:8      | Reached skill level 5 in Dodging
 10601 | D:8      | Found Olaneil's Magic Scroll Shoppe.
 10604 | D:8      | Bought a scroll of noise for 12 gold pieces
 10604 | D:8      | Bought a scroll of identify for 24 gold pieces
 10604 | D:8      | Bought a scroll of fog for 24 gold pieces
 10604 | D:8      | Bought a scroll of random uselessness for 12 gold pieces
 10604 | D:8      | Bought a scroll of teleportation for 36 gold pieces
 10747 | D:8      | Killed a centaur warrior
 10747 | D:8      | Reached skill level 1 in Invocations
 10747 | D:8      | Reached XP level 10. HP: 27/84 MP: 1/18
 10971 | D:8      | Noticed a catoblepas
 11335 | D:9      | Noticed a skeletal warrior
 11336 | D:9      | Noticed a skeletal warrior
 11519 | D:9      | Noticed Sayani's ghost (novice TrMo)
 11522 | D:9      | Noticed a two-headed ogre
 11660 | D:9      | Killed a two-headed ogre
 11660 | D:9      | Reached skill level 10 in Conjurations
 11775 | D:9      | Noticed Erolcha
 11804 | D:9      | Noticed a skeletal warrior
 12359 | D:9      | Noticed a skeletal warrior
 13214 | D:9      | Killed Erolcha
 13214 | D:9      | Reached **** piety under Sif Muna
 13680 | D:8      | Killed a skeletal warrior
 14107 | D:8      | Killed a skeletal warrior
 14254 | D:8      | Killed a skeletal warrior
 14254 | D:8      | Reached XP level 11. HP: 51/93 MP: 0/21
 14424 | D:8      | Killed a skeletal warrior
 14626 | D:10     | Entered Level 10 of the Dungeon
 14626 | D:10     | Noticed Maurice
 15161 | D:10     | Reached skill level 5 in Invocations
 15400 | D:10     | Killed Maurice
 15776 | D:10     | Killed an unseen horror
 15776 | D:10     | Reached skill level 1 in Short Blades
 15942 | D:10     | Found a staircase to the Lair.
 16271 | Lair:1   | Entered Level 1 of the Lair of Beasts
 16297 | Lair:1   | Reached skill level 1 in Evocations
 16606 | Lair:1   | Reached skill level 5 in Stealth
 17316 | Lair:1   | Noticed Harold
 17363 | Lair:1   | Killed Harold
 17363 | Lair:1   | Reached XP level 12. HP: 63/103 MP: 1/22
 19132 | Lair:2   | Found a staircase to the Swamp.
 19276 | Lair:2   | Reached skill level 5 in Evocations
 19282 | Lair:2   | Reached skill level 1 in Shields
 19480 | Lair:3   | Noticed a six-headed hydra
 19523 | Lair:3   | Killed a six-headed hydra
 19828 | Lair:3   | Reached skill level 5 in Translocations
 20070 | Lair:3   | Found a hole to the Spider Nest.
 20365 | Lair:3   | Reached skill level 5 in Hexes
 20430 | Lair:3   | Reached ***** piety under Sif Muna
 20597 | Lair:4   | Noticed a seven-headed hydra
 20610 | Lair:4   | Killed a seven-headed hydra
 20679 | Lair:4   | Reached XP level 13. HP: 103/111 MP: 15/23
 21689 | Lair:5   | Found a staircase to the Slime Pits.
 22872 | Lair:6   | Entered Level 6 of the Lair of Beasts
 22892 | Lair:6   | Received a gift from Sif Muna
 22901 | Lair:6   | Learned a level 1 spell: Apportation
 22903 | Lair:6   | Learned a level 1 spell: Animate Skeleton
 23320 | Lair:6   | Reached skill level 10 in Fighting
 24934 | Lair:6   | Reached XP level 14. HP: 119/122 MP: 2/27
 25088 | Lair:6   | Reached skill level 1 in Necromancy
 26724 | D:11     | Found a sacrificial altar of Ru.
 26802 | D:11     | Reached skill level 10 in Spellcasting
 27077 | D:12     | Found a portal to a secret trove of treasure.
 27300 | D:12     | Reached skill level 5 in Short Blades
 27368 | D:12     | Found a staircase to the Orcish Mines.
 28292 | Orc:1    | Entered Level 1 of the Orcish Mines
 28298 | Orc:1    | Found a flagged portal.
 28310 | Bailey   | Entered a bailey
 28596 | Bailey   | Learned a level 2 spell: Slow
 28599 | Bailey   | Found a burning altar of Makhleb.
 28830 | Orc:1    | Reached skill level 10 in Dodging
 28916 | Orc:1    | Learned a level 4 spell: Cause Fear
 28967 | Orc:2    | Entered Level 2 of the Orcish Mines
 28977 | Orc:2    | Noticed Donald
 28994 | Orc:2    | Killed Donald
 29086 | Orc:2    | Found a dark tunnel.
 29175 | Volcano  | Entered a volcano
 29374 | Volcano  | Noticed a stone giant
 29386 | Volcano  | Killed a stone giant
 29569 | Volcano  | Found a burning altar of Makhleb.
 29607 | Volcano  | Identified Ageqon's Reference Book on Hexes (Sif Muna gifted it to you in a volcano)
 29607 | Volcano  | Received a gift from Sif Muna
 29623 | Volcano  | Learned a level 3 spell: Confuse
 29627 | Volcano  | Learned a level 3 spell: Spectral Weapon
 30131 | Orc:2    | Noticed Saint Roka
 30561 | Orc:1    | Reached skill level 1 in Long Blades
 30822 | Orc:2    | Reached XP level 15. HP: 125/132 MP: 14/29
 30827 | Orc:2    | Learned a level 3 spell: Regeneration
 31118 | Orc:2    | Found a staircase to the Elven Halls.
 31166 | Orc:2    | Found Wamupryi's Antique Armour Shop.
 31166 | Orc:2    | Found Lana's Book Emporium.
 31167 | Orc:2    | Found Sunaekk's Jewellery Emporium.
 31167 | Orc:2    | Found Meloekk's Armour Boutique.
 31197 | Orc:2    | Bought an uncursed ring of protection from magic for 400 gold pieces
 31197 | Orc:2    | Bought the ring of Coegaw {rF+ AC+1 Int+4} for 406 gold pieces
 31206 | Orc:2    | Bought a book of Misfortune for 240 gold pieces
 31216 | Orc:2    | Learned a level 5 spell: Yara's Violent Unravelling
 31442 | Orc:2    | Killed Saint Roka
 31442 | Orc:2    | Reached skill level 1 in Transmutations
 31491 | Orc:2    | Bought a +0 pair of boots of stealth for 126 gold pieces
 31605 | D:13     | Reached skill level 5 in Shields
 31737 | D:13     | Found a labyrinth entrance.
 32768 | D:14     | Got a shimmering great sword
 32773 | D:14     | Identified the +12 great sword of Inference {flame, rC+ rN+ Dex+2} (You found it on level 14 of the Dungeon)
 32868 | D:14     | Identified Cexeud's Handbook of the Icy Escort (Sif Muna gifted it to you on level 14 of the Dungeon)
 32868 | D:14     | Received a gift from Sif Muna
 33193 | D:14     | Found a gate to the Vaults.
 33380 | D:15     | Entered Level 15 of the Dungeon
 33739 | D:15     | Noticed Mgcat's ghost (journeyman MiBe)
 33961 | D:15     | Noticed Azrael
 33984 | D:14     | Killed Azrael
 34145 | D:14     | Reached skill level 1 in Charms
 34192 | D:15     | Reached XP level 16. HP: 93/141 MP: 11/31
 34554 | D:15     | Got a vibrating silver ring
 34558 | D:15     | Identified the ring "Lutzaxofy" {rPois rC- Dex+5 Stlth-} (You found it on level 15 of the Dungeon)
 34575 | D:15     | Found a shadowy altar of Dithmenos.
 34612 | D:15     | Got a heavily runed bronze amulet
 34613 | D:15     | Identified the amulet "Ydeweas" {Harm *Drain +Fly rF+ Str+2} (You found it on level 15 of the Dungeon)
 34745 | D:15     | Noticed Kirke
 34755 | D:15     | Killed Kirke
 34884 | D:15     | Found a deep blue altar of Sif Muna.
 34940 | D:15     | Got a shimmering platinum ring
 35063 | D:15     | Found a staircase to the Depths.
 35157 | D:15     | Identified the ring of Putsu {Int+4 Dex+4} (You took it off a tengu warrior on level 15 of the Dungeon)
 35161 | D:15     | Got a wavering tin ring
 35162 | D:15     | Identified the ring "Zupudene" {MR+ Int+3} (You found it on level 15 of the Dungeon)
 35212 | D:15     | Found a sacrificial altar of Ru.
 35531 | Swamp:1  | Entered Level 1 of the Swamp
 35719 | Swamp:1  | Received a gift from Sif Muna
 35792 | Lair:2   | Learned a level 2 spell: Passwall
 36158 | Swamp:1  | Reached skill level 1 in Earth Magic
 36480 | Swamp:1  | Noticed a tentacled monstrosity
 36580 | Swamp:1  | Killed a tentacled monstrosity
 36735 | Swamp:2  | Noticed Nikola
 36768 | Swamp:2  | Killed Nikola
 36768 | Swamp:2  | Reached skill level 10 in Hexes
 37619 | Swamp:3  | Noticed Mara
 37634 | Swamp:3  | Noticed dstrtn's illusion
 37640 | Swamp:3  | Killed Mara
 37857 | Swamp:3  | Reached skill level 10 in Shields
 38579 | Swamp:3  | Reached XP level 17. HP: 148/148 MP: 17/33
 38600 | Swamp:3  | Learned a level 3 spell: Mephitic Cloud
 38774 | Swamp:4  | Entered Level 4 of the Swamp
 38858 | Swamp:4  | Reached skill level 1 in Poison Magic
 39310 | Swamp:4  | Got an ancient mace
 39319 | Swamp:4  | Identified the +1 mace of the Old World {drain, rC- Int+4} (You found it on level 4 of the Swamp)
 39335 | Swamp:4  | Received a gift from Sif Muna
 40383 | Swamp:4  | Got a decaying rune of Zot
 40531 | Lair:2   | Learned a level 4 spell: Olgreb's Toxic Radiance
 40586 | Spider:1 | Entered Level 1 of the Spider Nest
 40899 | Spider:1 | Reached skill level 5 in Poison Magic
 41199 | Spider:1 | Identified Sif Muna's Catalogue of Black Rites and Clay (Sif Muna gifted it to you on level 1 of the Spider Nest)
 41199 | Spider:1 | Received a gift from Sif Muna
 43288 | Spider:3 | Identified Sif Muna's Catalogue of Air (Sif Muna gifted it to you on level 3 of the Spider Nest)
 43288 | Spider:3 | Received a gift from Sif Muna
 43340 | Spider:3 | Learned a level 4 spell: Summon Lightning Spire
 43441 | Spider:3 | Reached XP level 18. HP: 84/156 MP: 5/34
 43844 | Spider:4 | Entered Level 4 of the Spider Nest
 43850 | Spider:4 | Reached skill level 1 in Summonings
 45438 | Spider:4 | Identified Ysadwikh's Reference Book on the Oath (Sif Muna gifted it to you on level 4 of the Spider Nest)
 45438 | Spider:4 | Received a gift from Sif Muna
 45486 | Spider:4 | Reached ****** piety under Sif Muna
 45855 | Spider:4 | Learned a level 3 spell: Tukima's Dance
 46371 | Spider:4 | Got a gossamer rune of Zot
 46691 | Vaults:1 | Entered Level 1 of the Vaults
 47016 | Vaults:1 | Reached skill level 5 in Summonings
 47086 | Vaults:1 | Reached skill level 10 in Poison Magic
 47554 | Vaults:1 | Reached skill level 1 in Polearms
 47918 | Vaults:1 | Reached XP level 19. HP: 125/162 MP: 1/36
 48406 | Vaults:1 | Reached skill level 5 in Polearms
 48928 | Vaults:1 | Identified the Reference Book on Dusty Evil
 49110 | Vaults:1 | Reached skill level 1 in Air Magic
 49301 | Vaults:2 | Identified Gibliaro's Papyrus of the Entourage and the Compass (Sif Muna gifted it to you on level 2 of the Vaults)
 49301 | Vaults:2 | Received a gift from Sif Muna
 49414 | Vaults:2 | Found a magical portal.
 49471 | WizLab   | Entered The Hall of the Hellbinder
 49479 | WizLab   | Learned a level 5 spell: Summon Mana Viper
 49505 | WizLab   | Killed from afar by a blizzard demon

Skill      XL: |  1  2  3  4  5  6  7  8  9 10 11 12 13 14 15 16 17 18 19 |
---------------+----------------------------------------------------------+-----
Fighting       | 1 2 3 4 5 6 7 8 9 10 12 13 | 13.0
Conjurations   | 5 6 7 8 9 11 12 | 12.0
Spellcasting   | 3 4 5 6 7 9 10 11 12 13 | 13.0
Hexes          | 1 2 3 5 6 8 10 12 | 12.0
Dodging        | 2 3 4 5 6 7 8 10 | 10.7
Translocations | 1 2 3 5 |  5.0
Invocations    | 1 4 5 |  5.0
Stealth        | 5 |  5.0
Short Blades   | 3 4 5 |  5.5
Evocations     | 3 6 8 |  8.0
Shields        | 3 4 7 10 11 12 13 | 13.2
Necromancy     | 1 |  1.0
Long Blades    | 1 3 |  3.4
Transmutations | 3 |  3.0
Charms         | 1 3 |  3.0
Earth Magic    | 2 |  2.0
Poison Magic   | 8 10 | 10.0
Summonings     | 6 7 |  7.5
Polearms       | 3 6 |  6.4
Air Magic      | 1 |  1.9

Action                   |  1- 3 |  4- 6 |  7- 9 | 10-12 | 13-15 | 16-18 | 19-21 || total
-------------------------+-------+-------+-------+-------+-------+-------+-------++-------
Melee: Tailslap          |     1 |     3 |    11 |    30 |   115 |   158 |    26 ||   344
       Unarmed           |     1 |       |     6 |       |       |       |       ||     7
       Short sword       |       |    36 |    32 |   140 |   896 |  1183 |    73 ||  2360
       Dagger            |       |       |    82 |    33 |       |       |       ||   115
       Staff             |       |       |       |       |       |     2 |       ||     2
       Demon trident     |       |       |       |       |       |       |   111 ||   111
Throw: Throwing net      |       |       |       |       |       |     2 |       ||     2
 Cast: Magic Dart        |    71 |    66 |   108 |   122 |    39 |     4 |       ||   410
       Searing Ray       |     7 |    20 |    28 |    15 |    26 |       |       ||    96
       Dazzling Spray    |       |     8 |    18 |     9 |     2 |     5 |       ||    42
       Iskenderun's Myst |       |     2 |    28 |     6 |     7 |       |       ||    43
       Fulminant Prism   |       |       |    19 |   186 |   374 |   265 |    20 ||   864
       Force Lance       |       |       |     3 |    87 |    57 |    87 |     6 ||   240
       Animate Skeleton  |       |       |       |       |    88 |    17 |       ||   105
       Slow              |       |       |       |       |     8 |    22 |     2 ||    32
       Regeneration      |       |       |       |       |     9 |     9 |     4 ||    22
       Confuse           |       |       |       |       |     5 |     2 |     9 ||    16
       Yara's Violent Un |       |       |       |       |       |     5 |     6 ||    11
       Mephitic Cloud    |       |       |       |       |       |   120 |     3 ||   123
       Olgreb's Toxic Ra |       |       |       |       |       |    95 |    13 ||   108
       Passwall          |       |       |       |       |       |     1 |       ||     1
       Summon Lightning  |       |       |       |       |       |     7 |     6 ||    13
       Tukima's Dance    |       |       |       |       |       |     2 |     2 ||     4
       Spectral Weapon   |       |       |       |       |       |     1 |    10 ||    11
Invok: Divine Energy     |       |       |     1 |       |       |       |       ||     1
       Channel Magic     |       |       |       |     2 |     4 |     1 |     1 ||     8
Evoke: Wand              |       |       |       |     1 |    15 |    27 |     3 ||    46
       Phial of floods   |       |       |       |       |     1 |     2 |       ||     3
       Lamp of fire      |       |       |       |       |       |     3 |     1 ||     4
  Use: Scroll            |       |    11 |     7 |    19 |    17 |    16 |     4 ||    74
       Potion            |       |       |     4 |       |     2 |     5 |     1 ||    12
 Stab: Invisible         |       |     1 |     2 |       |       |       |       ||     3
       Sleeping          |       |       |     2 |     3 |     8 |     6 |       ||    19
       Distracted        |       |       |       |       |     2 |     3 |     1 ||     6
       Paralysed         |       |       |       |       |     2 |     3 |       ||     5
       Confused          |       |       |       |       |       |    29 |     4 ||    33
       Held in net/web   |       |       |       |       |       |     1 |       ||     1
  Eat: Chunk             |     4 |    10 |    22 |    34 |    55 |    24 |     2 ||   151
       Ration            |       |     1 |     2 |    10 |     4 |     7 |     2 ||    26
Armor: Skin              |     5 |    20 |    93 |   114 |   259 |   406 |    31 ||   928
Dodge: Dodged            |     9 |    41 |   155 |   231 |   612 |   667 |    44 ||  1759
Block: Other             |       |       |       |    88 |       |       |       ||    88
       Reflection        |       |       |       |     5 |    63 |    18 |    19 ||   105
       Buckler           |       |       |       |    56 |   524 |       |       ||   580
       Shield            |       |       |       |       |   147 |  1313 |   129 ||  1589
